 Dungeon Crawl Stone Soup version 0.31.0-32-g396128a36d (webtiles) character file.

Game seed: 13469712680667473893

78 AdnanSaban the Covered (level 4, -1/29 HPs)
             Began as a Gargoyle Fighter on Apr 11, 2024.
             Slain by an orc
             ... wielding a +0 flail
              (7 damage)
             ... on level 3 of the Dungeon.
             The game lasted 00:02:23 (1551 turns).

AdnanSaban the Covered (Gargoyle Fighter)           Turns: 1551, Time: 00:02:23

Health: -1/29      AC: 14    Str: 21    XL:     4   Next: 36%
Magic:  4/4        EV:  9    Int:  9    God:
Gold:   92         SH:  4    Dex:  9    Spells: 3/3 levels left

rFire   . . .        a - +0 flail
rCold   . . .        c - +0 buckler
rNeg    + . .        b - +0 scale mail
rPois   ∞            (no helmet)
rElec   +            (no cloak)
rCorr   .            (no gloves)
SInv    .            (no boots)
Will    .....        (no amulet) Stlth
                     n - +4 ring of protection
HPRegen 0.24/turn    (no ring)
MPRegen 0.09/turn

%: no passive effects
@: no status effects
A: sickness immunity, AC +3, negative energy resistance 1, electricity
resistance, torment resistance 1, petrification resistance
a: no special abilities


You were on level 3 of the Dungeon.
You visited 1 branch of the dungeon, and saw 3 of its levels.

You collected 92 gold pieces.

Inventory:

Hand Weapons
 a - a +0 flail (weapon)
Missiles
 l - 3 boomerangs (quivered)
Armour
 b - a +0 scale mail (worn)
 c - a +0 buckler (worn)
Jewellery
 n - a +4 ring of protection (left hand)
Wands
 o - a wand of acid (13)
Scrolls
 e - 2 scrolls of poison {unknown}
 g - 3 scrolls of identify {unknown}
 i - a scroll of enchant weapon {unknown}
 j - 2 scrolls of brand weapon {unknown}
Potions
 d - a potion of might
 f - a potion of degeneration {unknown}
 h - a potion of brilliance {unknown}
 k - a potion of haste {unknown}
 m - a potion of berserk rage {unknown}


   Skills:
 + Level 3.8 Fighting
 + Level 2.5 Maces & Flails
 + Level 4.3 Armour
 + Level 0.3 Dodging
 + Level 3.7 Shields


You had 3 spell levels left.
You didn't know any spells.
Your spell library contained the following spells:

 Spells                   Type           Power      Damage    Failure   Level
 Foxfire                  Conj/Fire      0%         2x1d4     78%         1
 Dispel Undead            Necr           0%         3d6       100%        4
 Martyr's Knell           Necr/Summ      0%         N/A       100%        4
 Death Channel            Necr           0%         N/A       100%        6
 Plasma Beam              Fire/Air       0%         2x1d10    100%        6
 Starburst                Conj/Fire      0%         6d3       100%        6
 Cigotuvi's Dreadful Rot  Necr/Alch/Air  Unusable   N/A       N/A         2

Dungeon Overview and Level Annotations

Branches:
Dungeon (3/15)

Altars:

Shops:
D:2 *?[

Annotations:
D:3 Sigmund


Innate Abilities, Weirdness & Mutations

You are immune to sickness and miasma.
Your stone body is resilient. (AC +3)
You are immune to poison.
You resist negative energy. (rN+)
You are resistant to electric shocks. (rElec)
You are resistant to unholy torment.
You are immune to petrification.


Message History

The phantom is lightly damaged.
The phantom closely misses you.
An orc comes into view. It is wielding a +0 hand axe.
You block the phantom's attack.
The orc shouts!
You hit the phantom but do no damage.
The phantom is lightly damaged.
The orc hits you but does no damage.
The phantom hits you but does no damage.
You thump the phantom!
The phantom is heavily damaged.
The orc hits you but does no damage.
The phantom hits you but does no damage.
A dart slug comes into view.
The orc closely misses you. The orc misses you. The phantom closely misses you.
You sock the phantom!
The phantom is almost destroyed.
The orc hits you but does no damage. x2
The phantom hits you but does no damage.
You hit the phantom.
The phantom is almost destroyed.
You block the orc's attack. The orc hits you but does no damage.
You block the phantom's attack.
You closely miss the phantom.
The phantom is almost destroyed.
The orc hits you but does no damage.
Sigmund the Dreaded comes into view.
He is wielding a +0 scythe.
The phantom barely misses you. You block the orc's attack.
The orc hits you but does no damage. The orc closely misses you.
Sigmund looks at you with fury.
The phantom hits you but does no damage.
You hit the phantom but do no damage.
The phantom is almost destroyed.
The orc hits you but does no damage. You block the orc's attack.
A goblin comes into view. It is wielding a +0 club.
You block the phantom's attack.
You barely miss the phantom.
The phantom is almost destroyed.
The orc closely misses you. The orc hits you with a +0 flail!
You die...

#.## #.##
#..# ##
#..#######
#.........
##.######
#5# #5#
#W# #@#
#oo# ...o.
#.#.#w#
..... .@
..#.g# #..
### .# #.
## #.


You could see a phantom, Sigmund, a dart slug, 2 ufetubi, 3 orcs and a goblin.

Vanquished Creatures
  An adder (D:2)
  2 dart slugs
  4 ribbon worms (D:2)
  5 endoplasms
  3 giant cockroaches (D:2)
  6 goblins
  8 hobgoblins
  4 quokkas
  7 ball pythons
  3 bats
  3 frilled lizards
  2 kobolds
  5 rats
53 creatures vanquished.

Notes
Turn   | Place    | Note
-------+----------+-------------------------------------------
     0 | D:1      | AdnanSaban the Gargoyle Fighter began the quest for the
                  | Orb.
     0 | D:1      | Reached XP level 1. HP: 14/14 MP: 1/1
   153 | D:1      | Reached XP level 2. HP: 19/19 MP: 2/2
   553 | D:1      | Reached XP level 3. HP: 18/23 MP: 3/3
   800 | D:2      | Found Soll's Antique Armour Shop.
   932 | D:2      | Found Dalihecw's Magic Scroll Boutique.
   938 | D:2      | Reached skill level 4 in Armour
  1064 | D:2      | Reached XP level 4. HP: 29/29 MP: 4/4
  1072 | D:2      | Found Itod Daa's Assorted Antiques.
  1509 | D:3      | Noticed a phantom
  1549 | D:3      | Noticed Sigmund
  1551 | D:3      | Slain by an orc

Illustrated notes

Levels and vault maps discovered:
D:1:      lemuel_arrival_tunnels, layout_basic
D:2:      layout_basic, serial_shops, nicolae_shop_pleasant_corner_grove,
          nicolae_shop_pleasant_corner_grove, nicolae_shop_advertising_works
          [nicolae_subvault_shop_adworks], minmay_domino_2
D:3:      layout_loops_ring, serial_shops, nicolae_lakefront_shop,
          nicolae_shop_crystal, nicolae_shop_bloodbath_and_beyond,
          nicolae_diamond_shop, shop, uniq_robin, uniq_sigmund

Skill      XL: |  1  2  3 |
---------------+----------+-----
Armour         | 4 |  4.3
Fighting       | |  3.8
Maces & Flails | |  2.5
Dodging        | |  0.3
Shields        | |  3.7

Action                     |  1- 3 |  4- 6 || total
---------------------------+-------+-------++-------
  Melee: Flail             |   122 |    89 ||   211
 Armour: Scale mail        |    77 |   124 ||   201
  Dodge: Dodged            |    68 |    82 ||   150
  Block: Buckler           |    31 |    40 ||    71
